 Dungeon Crawl Stone Soup version 0.28-a0-1638-g9123634e07 (webtiles) character file.

Game seed: 16839952950669212454

62589 ChongLi the Warrior (level 15, -2/124 HPs)
             Began as a Djinni Fire Elementalist on Jan 26, 2022.
             Was a High Priest of Jiyva (penitent).
             Shot with a bolt by an orc knight (6 damage)
             ... on level 2 of the Orcish Mines.
             The game lasted 02:36:22 (21284 turns).

ChongLi the Warrior (Djinni Fire Elementalist)     Turns: 21284, Time: 02:36:22

Health: -2/124     AC: 19    Str:  7    XL:     15   Next: 46%
Gold:   1792       EV: 12    Int: 25    God:    Jiyva [*] SH:  0 Dex: 19

rFire   + + .      SeeInvis .   t - +2 scimitar (vamp)
rCold   x . .      Faith    .   (no shield)
rNeg    . . .      Spirit   .   I - +3 troll leather armour
rPois   ∞          Reflect  .   S - +1 hat
rElec   .          Harm     .   K - +2 cloak {Will+}
rCorr   .          Rampage  .   (no gloves)
Will    +++++                   (boots unavailable)
Stlth   ++........              q - amulet of regeneration
HPRegen 1.90/turn               c - +4 ring of protection
MPRegen 0.00/turn               w - +6 ring of dexterity

@: wereblooded, spiked, forested, flying, invisible, unable to read
A: sickness immunity, fire resistance 2, cold vulnerability 1, float, innate
caster, hp casting, extra vitality 1, iridescent scales 2, strong-willed 3,
inability to read while threatened, engulf
a: Renounce Religion


You were on level 2 of the Orcish Mines.
You worshipped Jiyva.
Jiyva was demanding penance.
You visited 5 branches of the dungeon, and saw 26 of its levels.
You also visited: Volcano.

You collected 1923 gold pieces.
You spent 131 gold pieces at shops.

Inventory:

Hand Weapons
 k - a +3 dagger of venom
 t - a +2 vampiric scimitar (weapon)
Missiles
 n - 5 throwing nets
Armour
 a - a +1 robe
 p - the +2 robe "Eged" {Dex+4 Archmagi}
   (You bought it in a shop on level 3 of the Dungeon)

   Dex:       It affects your dexterity (+4).
   Archmagi:  It increases the power of your magical spells.
 I - a +3 troll leather armour (worn)
 K - a +2 cloak of willpower (worn)
 S - a +1 hat (worn)
Jewellery
 c - a +4 ring of protection (left hand)
 l - an amulet of faith
 q - an amulet of regeneration (around neck)
 w - a +6 ring of dexterity (right hand)
 M - a ring of positive energy
Wands
 y - a wand of flame (43)
 A - a wand of acid (23)
 G - a wand of polymorph (18)
 J - a wand of paralysis (3)
 O - a wand of charming (4)
 T - a wand of iceblast (1)
Scrolls
 b - 2 scrolls of fear
 d - 11 scrolls of teleportation
 e - 2 scrolls of blinking {unknown}
 i - a scroll of amnesia {unknown}
 m - a scroll of acquirement {unknown}
 o - 3 scrolls of vulnerability {unknown}
 r - 3 scrolls of enchant weapon {unknown}
 s - a scroll of magic mapping {unknown}
 z - a scroll of fog {unknown}
 B - 2 scrolls of holy word
 H - a scroll of torment {unknown}
 P - a scroll of silence {unknown}
 Q - a scroll of immolation {unknown}
 U - a scroll of identify
Potions
 f - 4 potions of might
 g - 2 potions of ambrosia
 h - 5 potions of attraction
 j - 2 potions of brilliance
 u - 2 potions of curing
 v - a potion of magic {unknown}
 x - 2 potions of flight {unknown}
 C - 2 potions of resistance {unknown}
 E - 3 potions of haste {unknown}
 F - 2 potions of heal wounds
 L - a potion of cancellation {unknown}
 N - 3 potions of lignification
 R - a potion of mutation


   Skills:
 - Level 17.3 Fighting
 + Level 7.5 Long Blades
 - Level 2.5 Dodging
 - Level 2.0 Stealth
 - Level 13.9 Spellcasting


You had 4 spell levels left.
You knew the following spells:

 Your Spells              Type           Power      Damage    Failure   Level
a - Foxfire               Conj/Fire      100%       2x1d9     0%          1
b - Scorch                Fire           100%       2d10      1%          2
c - Conjure Flame         Conj/Fire      72%        6-21      1%          3
d - Inner Flame           Hex/Fire       72%        N/A       1%          3
e - Flame Wave            Conj/Fire      72%        2d13      1%          4
f - Freeze                Ice            100%       1d11      0%          1
g - Call Imp              Summ           72%        N/A       1%          2
h - Wereblood             Tmut           72%        N/A       1%          2
i - Tukima's Dance        Hex            72%        N/A       1%          3
j - Yara's Violent Unrav  Hex/Tmut       36%        3d15      1%          5
k - Summon Forest         Summ/Tloc      36%        N/A       1%          5
l - Summon Cactus Giant   Summ           36%        N/A       2%          6
Your spell library was empty.

Dungeon Overview and Level Annotations

Branches:
Dungeon (12/15)            Temple (1/1) D:7            Lair (6/6) D:8
 Shoals (0/4) Lair:2       Spider (0/4) Lair:2        Slime (5/5) Lair:5
    Orc (2/2) D:12        Volcano (visited)
    Elf: Orc:2

Altars:
Ashenzari
Cheibriados
Dithmenos
Elyvilon
Fedhas
Gozag
Hepliaklqana
Kikubaaqudgha
Makhleb
Nemelex Xobeh
Okawaru
Qazlal
Ru
Sif Muna
Trog
Uskayaw
Vehumet
Wu Jian
Xom
Yredelemnul
Zin
The Shining One
Beogh
Jiyva

Shops:
D:2 !   D:3 [   D:6 ([?   D:8 =   Orc:2 [

Annotations:
D:5 3 runed translucent doors, soggyman666's ghost, novice DjFE
D:6 1 runed translucent door, Clumpoid's ghost, novice GnCj
Lair:1 1 runed translucent door, ThrustWizard's ghost, journeyman GnWn
Slime:4 Donald
Slime:5 Royal Jelly


Innate Abilities, Weirdness & Mutations

You are immune to sickness and miasma.
You are immune to poison.
Your flesh is very heat resistant. (rF++)
You are vulnerable to cold. (rC-)
You float through the air rather than walking.
You learn spells naturally, not from books.
Your magical power is your life essence.
You have superior vitality. (+4 MHP)
You are mostly covered in iridescent scales. (AC +4)
You are extremely strong-willed. (Will+++)
You sometimes lose the ability to read scrolls when taking damage.
Your melee attacks may engulf your foes in ooze.


Message History

* * * LOW HITPOINT WARNING * * *
The orc knight no longer looks unusually strong. x2
The orc knight is engulfed in blazing flames.
Flame seeps out of the orc knight.
The orc sorcerer mumbles some strange words.
The orc sorcerer no longer looks unusually strong.
The orc knight is engulfed in blazing flames.
The orc knight roars a battlecry!
The orcs go into a battle-frenzy!
You fade into invisibility!
The orc knight unwields a +0 long sword.
The orc knight wields a +0 arbalest.
The orc knight shoots a bolt.
The bolt closely misses you.
An orc high priest comes into view. It is wielding a +3 short sword.
The orc sorcerer is engulfed in blazing flames.
The orc knight shoots a bolt.
The bolt hits you!
* * * LOW HITPOINT WARNING * * *
The orc sorcerer mumbles some strange words.
The red devil hits you but does no damage.
The orc knight shoots a bolt.
The bolt hits the orc knight!!
Flame seeps out of the orc knight.
An orc knight comes into view. It is wielding a +1 great mace.
The orc knight is engulfed in blazing flames.
You feel a bit better.
The orc knight explodes!
The fiery explosion engulfs you. You resist.
* * * LOW HITPOINT WARNING * * *
You hear a shout!
Your life force feels restored.
The orc knight shoots a bolt.
The bolt hits the ice devil!
The ice devil hits you!
* * * LOW HITPOINT WARNING * * *
The ice devil freezes you!
You feel a terrible chill!
* * * LOW HITPOINT WARNING * * *
There is a stone staircase leading up here.
The red devil hits you from afar with a +1 demon trident of draining!
* * * LOW HITPOINT WARNING * * *
Barbed spikes become lodged in your body.
The orc knight shoots a bolt.
The bolt hits you.
You die...

.........♣.♣#
...[[..[.♣..♣♣
...♣..♣...)..#♣
#...°○.§§....♣
#♣.♣..)○.....♣
#♣§.☼§4..♣#
#.#[†o§4§..#
#♣..oo4§§##♣
#......@.#
......o..##
......♣##♣♣
.<..♣. .... ...
...


You could see 2 orc knights, an orc high priest (strong), 2 ice devils, an orc
sorcerer (strong) and a red devil (summoned).

Vanquished Creatures
  3 hydras
  2 catoblepae
  Harold (D:7)
  An ogre mage (Volcano)
  Erolcha (D:10)
  A centaur warrior (D:10)
  6 death yaks (Lair:2)
  7 two-headed ogres
  An orc high priest (Orc:2)
  5 orc knights (Orc:2)
  An ugly thing (D:11)
  An orc sorcerer (Orc:2)
  5 centaur zombies
  6 elephants
  A merfolk siren (Lair:2)
  Maurice (D:9)
  7 black mambas
  A gargoyle (D:12)
  6 cane toads
  Maggie (D:9)
  A rime drake (Lair:2)
  6 komodo dragons
  2 kobold demonologists
  5 trolls
  A merfolk (Lair:2)
  2 polar bears
  Prince Ribbit (D:9)
  3 hornets
  17 blink frogs
  6 wyverns
  2 wraiths
  A vampire (D:11)
  Eustachio (D:4)
  4 basilisks
  25 yaks
  A redback (Lair:2)
  4 vampire mosquitoes (D:11)
  Menkaure (D:5)
  A warg (Orc:1)
  An acid dragon (D:10)
  Duvessa (D:6)
  15 water moccasins
  8 black bears
  3 sky beasts
  15 orc warriors
  An ice beast (D:6)
  5 ogres
  29 wolves
  5 centaurs
  2 kobold brigands
  4 bullfrogs
  A scorpion (D:4)
  A gnoll sergeant (D:10)
  A water moccasin zombie (D:7)
  A water moccasin skeleton (D:5)
  Dowan (D:6)
  4 wights (D:8)
  24 killer bees
  An electric eel (Lair:2)
  3 howler monkeys
  4 jellies
  2 bullfrog zombies
  4 hounds
  18 orc priests
  3 gnoll shamans
  An iguana (D:5)
  22 orc wizards
  6 hell rats (Lair:2)
  Natasha (twice) (D:2)
  A hound skeleton (D:5)
  Robin (D:2)
  25 gnolls
  2 howler monkey zombies
  8 adders
  A white imp (D:7)
  An ufetubus (D:5)
  An adder skeleton (D:4)
  2 worms
  2 dart slugs (D:1)
  59 orcs
  14 endoplasms
  7 giant cockroaches
  17 goblins
  7 hobgoblins
  18 kobolds
  4 quokkas
  4 ball pythons
  3 bats (D:1)
  3 frilled lizards
  3 rats
513 creatures vanquished.

Vanquished Creatures (collateral kills)
  A red draconian (Volcano)
  A dire elephant (Lair:6)
  3 hydras
  Fannar (Lair:3)
  2 boulder beetles
  A catoblepas (Lair:2)
  A two-headed ogre (D:12)
  A deep troll shaman (Lair:6)
  3 death yaks (Lair:6)
  4 skeletal warriors (D:12)
  An elephant (Lair:6)
  2 cane toads (Lair:6)
  A rime drake (Lair:5)
  A blink frog (Lair:5)
  2 yaks (Lair:6)
  A basilisk (Lair:6)
  2 wargs (Orc:2)
  A black bear (Lair:6)
  2 wolves
  An orc priest (Orc:2)
  An iguana (D:8)
  4 orcs
  9 foxfires
46 creatures vanquished.

Vanquished Creatures (others)
  4 slime creatures (Slime:4)
  A shadow (D:11)
  A wolf (Lair:6)
  A bullfrog (Lair:5)
  13 jellies
  An orc wizard (D:11)
  3 orcs
  A butterfly (Lair:6)
  999 foxfires
  114 fungi
  131 plants
  2 snaplasher vines
  2 withered plants (Lair:1)
1273 creatures vanquished.

Grand Total: 1832 creatures vanquished

Notes
Turn   | Place    | Note
-------+----------+-------------------------------------------
     0 | D:1      | ChongLi the Djinni Fire Elementalist began the quest for
                  | the Orb.
     0 | D:1      | Reached XP level 1. HP: 15/15 MP: 0/0
   205 | D:1      | Reached XP level 2. HP: 19/21 MP: 0/0
   719 | D:1      | Reached XP level 3. HP: 25/26 MP: 0/0
   719 | D:1      | Learned a level 1 spell: Freeze
   866 | D:1      | Reached skill level 1 in Fighting
  1678 | D:2      | Found a burning altar of Makhleb.
  1687 | D:2      | Noticed Natasha
  1697 | D:2      | Killed Natasha
  1698 | D:2      | Reached XP level 4. HP: 24/33 MP: 0/0
  1862 | D:2      | Reached skill level 2 in Fighting
  1995 | D:2      | Noticed Robin
  2007 | D:2      | Killed Robin
  2008 | D:2      | Reached XP level 5. HP: 20/39 MP: 0/0
  2008 | D:2      | Learned a level 2 spell: Call Imp
  2198 | D:2      | Found Efell's Distillery.
  2258 | D:2      | Identified the +0 ring mail "Welarghi" {Harm Dex-2 SInv}
  2373 | D:2      | Noticed Natasha
  2375 | D:2      | Killed Natasha
  3084 | D:3      | Reached skill level 3 in Fighting
  3095 | D:3      | Reached XP level 6. HP: 15/46 MP: 0/0
  3805 | D:3      | Found Vuss's Antique Armour Emporium.
  4146 | D:3      | Bought a colourful robe for 131 gold pieces
  4146 | D:3      | Identified the +2 robe "Eged" {Dex+4 Archmagi} (You bought
                  | it in a shop on level 3 of the Dungeon)
  4190 | D:4      | Noticed Eustachio
  4196 | D:4      | Killed Eustachio
  4197 | D:4      | Reached skill level 4 in Fighting
  4197 | D:4      | Reached XP level 7. HP: 48/53 MP: 0/0
  4197 | D:4      | Learned a level 2 spell: Wereblood
  4528 | D:4      | Reached skill level 5 in Fighting
  4591 | D:4      | Reached skill level 5 in Spellcasting
  4591 | D:4      | Reached XP level 8. HP: 48/60 MP: 0/0
  5448 | D:5      | Entered Level 5 of the Dungeon
  5537 | D:5      | Noticed Menkaure
  5540 | D:5      | Reached skill level 6 in Fighting
  5543 | D:5      | Killed Menkaure
  5616 | D:5      | Noticed soggyman666's ghost (novice DjFE)
  5715 | D:4      | Gained mutation: You are frail. (-10% HP) [potion of
                  | mutation]
  5716 | D:4      | Lost mutation: You are frail. (-10% HP) [potion of
                  | mutation]
  5716 | D:4      | Gained mutation: Your mind is acute. (Int +2) [potion of
                  | mutation]
  5716 | D:4      | Gained mutation: You sometimes lose the ability to read
                  | scrolls when taking damage. [potion of mutation]
  5717 | D:4      | Lost mutation: Your mind is acute. (Int +2) [potion of
                  | mutation]
  5717 | D:4      | Lost mutation: You sometimes lose the ability to read
                  | scrolls when taking damage. [potion of mutation]
  5717 | D:4      | Gained mutation: Your spells are a little easier to cast,
                  | but a little less powerful. [potion of mutation]
  5717 | D:4      | Gained mutation: Your mind is acute. (Int +2) [potion of
                  | mutation]
  5875 | D:5      | Reached skill level 7 in Fighting
  5962 | D:5      | Noticed a hornet
  5965 | D:5      | Killed a hornet
  5966 | D:5      | Reached XP level 9. HP: 58/68 MP: 0/0
  5966 | D:5      | Learned a level 3 spell: Tukima's Dance
  6029 | D:5      | Found a runed translucent gate.
  6029 | D:5      | Found a runed translucent gate.
  6029 | D:5      | Found a runed translucent gate.
  6532 | D:6      | Found Xopurih's Magic Scroll Shoppe.
  6554 | D:6      | Noticed Duvessa
  6559 | D:6      | Noticed Dowan
  6562 | D:6      | Killed Duvessa
  6563 | D:6      | Reached skill level 8 in Fighting
  6566 | D:6      | Killed Dowan
  6603 | D:6      | Found Mifebix's Weapon Emporium.
  6671 | D:6      | Found Fite's Antique Armour Shoppe.
  6765 | D:6      | Noticed Clumpoid's ghost (novice GnCj)
  6782 | D:6      | Found a runed translucent door.
  7333 | D:7      | Found a staircase to the Ecumenical Temple.
  7340 | Temple   | Entered the Ecumenical Temple
  7487 | D:7      | Noticed a hornet
  7494 | D:7      | Killed a hornet
  7495 | D:7      | Reached skill level 9 in Fighting
  7495 | D:7      | Reached XP level 10. HP: 69/78 MP: 0/0
  7496 | D:7      | Noticed Harold
  7516 | D:7      | Killed Harold
  7584 | D:7      | Lost mutation: Your spells are a little easier to cast, but
                  | a little less powerful. [potion of mutation]
  7584 | D:7      | Lost mutation: Your mind is acute. (Int +2) [potion of
                  | mutation]
  7584 | D:7      | Gained mutation: You are dopey. (Int -2) [potion of
                  | mutation]
  8106 | D:8      | Reached skill level 10 in Fighting
  8156 | D:8      | Found Ickeuwk's Jewellery Emporium.
  8508 | D:8      | Found a staircase to the Lair.
  8516 | D:8      | Reached XP level 11. HP: 78/86 MP: 0/0
  8516 | D:8      | Learned a level 5 spell: Yara's Violent Unravelling
  8519 | D:8      | Reached skill level 11 in Fighting
  9139 | Lair:1   | Entered Level 1 of the Lair of Beasts
  9455 | D:9      | Noticed Maurice
  9460 | D:9      | Paralysed by Maurice for 6 turns
  9476 | D:9      | Killed Maurice
  9477 | D:9      | Reached skill level 12 in Fighting
  9873 | D:9      | HP: 1/89 [killer bee (7)]
  9877 | D:9      | Reached skill level 10 in Spellcasting
 10116 | D:9      | Noticed Maggie
 10123 | D:9      | Killed Maggie
 10345 | D:9      | Noticed Prince Ribbit
 10350 | D:9      | Killed Prince Ribbit
 10780 | Lair:1   | Reached XP level 12. HP: 57/96 MP: 0/0
 10895 | Lair:1   | Found a runed translucent door.
 10895 | Lair:1   | Noticed ThrustWizard's ghost (journeyman GnWn)
 10975 | Lair:1   | Reached skill level 13 in Fighting
 11106 | Lair:1   | Got the Volume of the Mutagenic Voyage
 11502 | Lair:2   | Found a hole to the Spider Nest.
 11519 | Lair:2   | Noticed a death yak
 11520 | Lair:2   | Noticed a death yak
 11521 | Lair:2   | Noticed a death yak
 11524 | Lair:2   | Noticed a death yak
 11527 | Lair:2   | Noticed a death yak
 11528 | Lair:2   | Noticed a death yak
 11658 | Lair:2   | Killed a death yak
 11711 | Lair:2   | Killed a death yak
 11733 | Lair:2   | Killed a death yak
 11801 | Lair:2   | Killed a death yak
 11814 | Lair:2   | Killed a death yak
 11832 | Lair:2   | Noticed a five-headed hydra
 11839 | Lair:2   | Killed a five-headed hydra
 11955 | Lair:2   | Killed a death yak
 11956 | Lair:2   | Reached skill level 14 in Fighting
 12173 | Lair:2   | Reached XP level 13. HP: 66/106 MP: 0/0
 12173 | Lair:2   | Learned a level 5 spell: Summon Forest
 12307 | Lair:2   | Identified the +1 robe "Ivowox" {rElec rPois rC- Str-4}
 12406 | Lair:2   | Noticed a catoblepas
 12480 | Lair:2   | Noticed a catoblepas
 12518 | Lair:2   | Killed a catoblepas
 12556 | Lair:2   | Noticed an eight-headed hydra
 12577 | Lair:2   | Killed an eight-headed hydra
 12668 | Lair:2   | Found a staircase to the Shoals.
 12902 | Lair:2   | Killed a catoblepas
 13369 | Lair:3   | Reached skill level 15 in Fighting
 13484 | Lair:3   | Noticed Fannar
 13504 | Lair:3   | Killed Fannar
 14999 | Lair:5   | Noticed a five-headed hydra
 15017 | Lair:5   | Killed a five-headed hydra
 15020 | Lair:5   | Noticed a four-headed hydra
 15033 | Lair:5   | Noticed a boulder beetle
 15039 | Lair:5   | Killed a four-headed hydra
 15255 | Lair:5   | Found a viscous altar of Jiyva.
 15256 | Lair:5   | Found a staircase to the Slime Pits.
 15259 | Lair:5   | Became a worshipper of Jiyva Jokan the Shapeless
 15297 | Lair:5   | Killed a boulder beetle
 15403 | Lair:5   | Noticed a six-headed hydra
 15416 | Lair:5   | Killed a six-headed hydra
 15417 | Lair:5   | Reached skill level 16 in Fighting
 15417 | Lair:5   | Reached XP level 14. HP: 106/116 MP: 0/0
 15612 | Lair:5   | Reached * piety under Jiyva
 16015 | Lair:6   | Entered Level 6 of the Lair of Beasts
 16094 | Lair:6   | Reached ** piety under Jiyva
 16202 | Lair:6   | Found a dark tunnel.
 16223 | Volcano  | Entered a volcano
 16244 | Volcano  | Noticed a red draconian
 16271 | Volcano  | Killed a red draconian
 16830 | Lair:6   | Reached *** piety under Jiyva
 17177 | Lair:6   | Reached skill level 17 in Fighting
 17310 | Lair:6   | Noticed a dire elephant
 17320 | Lair:6   | Killed a dire elephant
 17388 | Lair:6   | Identified the +3 flail "Hovyig" {elec, *Corrode rPois rC+
                  | rN+}
 17646 | Slime:1  | Entered Level 1 of the Pits of Slime
 17651 | Slime:1  | Noticed an acid blob
 17651 | Slime:1  | Noticed a rockslime
 17651 | Slime:1  | Noticed an acid blob
 17656 | Slime:1  | Noticed a rockslime
 17666 | Slime:2  | Noticed a rockslime
 17668 | Slime:2  | Noticed an acid blob
 17675 | Slime:2  | Noticed a rockslime
 17676 | Slime:2  | Noticed a rockslime
 17677 | Slime:3  | Noticed an acid blob
 17685 | Slime:4  | Noticed a rockslime
 17687 | Slime:4  | Noticed a quicksilver ooze
 17692 | Slime:4  | Noticed a quicksilver ooze
 17698 | Slime:4  | Noticed a quicksilver ooze
 17802 | Slime:4  | Noticed a quicksilver ooze
 17809 | Slime:4  | Noticed Donald
 17880 | Slime:5  | Entered Level 5 of the Pits of Slime
 17881 | Slime:5  | Noticed an acid blob
 17899 | Slime:5  | Found a viscous altar of Jiyva.
 17899 | Slime:5  | Noticed the Royal Jelly
 17899 | Slime:5  | Noticed an acid blob
 17906 | Slime:5  | Found the +5 sword of Power {vorpal}
 17933 | Slime:5  | Noticed an acid blob
 17946 | Slime:5  | Noticed a quicksilver ooze
 17953 | Slime:5  | Noticed an acid blob
 18021 | Slime:2  | Noticed an acid blob
 18042 | Slime:1  | Noticed a rockslime
 18190 | D:10     | Entered Level 10 of the Dungeon
 18190 | D:10     | Gained mutation: You are covered in slimy tendrils that may
                  | disarm your opponents. [Jiyva's grace]
 18190 | D:10     | Gained mutation: You are partially covered in iridescent
                  | scales. (AC +2) [Jiyva's grace]
 18190 | D:10     | Gained mutation: You are mostly covered in iridescent
                  | scales. (AC +4) [Jiyva's grace]
 18190 | D:10     | Gained mutation: You are completely covered in iridescent
                  | scales. (AC +6) [Jiyva's grace]
 18497 | D:10     | Reached skill level 1 in Long Blades
 18526 | D:10     | Noticed Erolcha
 18535 | D:10     | Killed Erolcha
 18536 | D:10     | Reached XP level 15. HP: 123/124 MP: 0/0
 18536 | D:10     | Learned a level 6 spell: Summon Cactus Giant
 18920 | D:11     | Reached **** piety under Jiyva
 18958 | D:11     | Gained mutation: You sometimes lose the ability to read
                  | scrolls when taking damage. [you]
 19356 | D:11     | Reached ***** piety under Jiyva
 19410 | D:11     | Was placed under penance by Jiyva
 19538 | D:11     | Was forgiven by Jiyva
 19919 | D:11     | Lost mutation: You are completely covered in iridescent
                  | scales. (AC +6) [Jiyva's grace]
 19919 | D:11     | Lost mutation: You are dopey. (Int -2) [Jiyva's grace]
 19919 | D:11     | Lost mutation: You are covered in slimy tendrils that may
                  | disarm your opponents. [Jiyva's grace]
 19919 | D:11     | Gained mutation: Your melee attacks may engulf your foes in
                  | ooze. [Jiyva's grace]
 19919 | D:11     | Gained mutation: You are strong-willed. (Will+) [Jiyva's
                  | grace]
 19919 | D:11     | Gained mutation: You are highly strong-willed. (Will++)
                  | [Jiyva's grace]
 19919 | D:11     | Gained mutation: You are extremely strong-willed. (Will+++)
                  | [Jiyva's grace]
 20153 | D:12     | Reached skill level 5 in Long Blades
 20235 | D:12     | Found a staircase to the Orcish Mines.
 20555 | Orc:1    | Entered Level 1 of the Orcish Mines
 21231 | Orc:2    | Entered Level 2 of the Orcish Mines
 21239 | Orc:2    | Found Geteshi's Antique Armour Shoppe.
 21276 | Orc:2    | Was placed under penance by Jiyva
 21284 | Orc:2    | HP: 4/124 [red devil[an orc sorcerer] (7)]
 21284 | Orc:2    | Shot with a bolt by an orc knight

Illustrated notes

Levels and vault maps discovered:
D:1:      lightli_arrival_windingriver, layout_basic
D:2:      minmay_alternating_diamond, layout_loops_ring, serial_shops,
          nicolae_shop_behind_doors, basic_altar, uniq_robin, uniq_natasha
D:3:      layout_rooms, serial_shops, shop, minmay_cupped
D:4:      layout_basic, minmay_ruptured, uniq_eustachio
D:5:      layout_loops_cross, gammafunk_ghost_icy, grunt_ministairs_15,
          corexii_item_surrounded_by_moat, uniq_menkaure
D:6:      layout_basic, marbit_many_paths, hellmonk_ghost_happy_afterlife,
          serial_shops, nicolae_stop_n_shop_2,
          nicolae_shop_bloodbath_and_beyond, nicolae_shop_stone, uniq_duvessa
D:7:      layout_rooms, minmay_temple_entry_gardened_gates,
          minmay_misc_feat_rugged, minivault_4, uniq_harold
D:8:      layout_cave_pods, minmay_lair_entry_grove, serial_shops,
          nicolae_shop_statue_plus, minmay_misc_feat_rows
D:9:      layout_cave_pools, serial_co_window_serial,
          co_window_of_opportunity_a, co_window_paths_a,
          co_window_of_opportunity_a, co_window_of_opportunity_a,
          co_window_of_opportunity_a, co_window_corner_b,
          co_window_of_opportunity_b, co_window_broadway_a,
          co_window_broadway_a, co_window_of_opportunity_c,
          kennysheep_generic_room_8, uniq_prince_ribbit1, uniq_maggie,
          uniq_maurice
D:10:     layout_loops_ring, nicolae_benzene_ring,
          chequers_serial_rivers_micro_b, kennysheep_generic_room_13,
          uniq_erolcha
D:11:     layout_layer_cave, kiku_gazebo_pond_becter
D:12:     layout_rooms, hiddenorc1_lemuel
Temple:   dpeg_three_leaves_temple
Lair:1:   layout_small_grid, gammafunk_ghost_grave, grunt_megastairs_2
Lair:2:   nzn_winding_woodlands_medium [nzn_winding_woodlands_5x5_default,
          nzn_winding_woodlands_5x15_crooked, nzn_winding_woodlands_5x5_three,
          nzn_winding_woodlands_5x5_closed_star,
          nzn_winding_woodlands_center_triple_pond,
          nzn_winding_woodlands_5x5_cross, nzn_winding_woodlands_5x5_perimeter,
          nzn_winding_woodlands_5x15_concentric,
          nzn_winding_woodlands_hourglass], layout_chaotic_city,
          elwin_shoals_entry_rooms, spider_nest_entry_webs,
          infiniplex_staircase_pool_2, serial_bayou_shore_b
Lair:3:   layout_chaotic_city, patterned_corridor, uniq_fannar
Lair:4:   layout_loops_ring, minivault_23
Lair:5:   layout_loops_ring, dpeg_slime_entry_enclosed_altar,
          serial_bayou_shore_a
Lair:6:   grunt_lair_end_beastmaster, layout_small_grid,
          nicolae_volcano_entry_two_sided, grunt_megastairs_5,
          lemuel_fruit_fields
Slime:1:  layout_caves, cheibrodos_slime_lost_civilization_6
Slime:2:  layout_caves
Slime:3:  layout_caves
Slime:4:  layout_caves, nicolae_slime_barrier, uniq_donald
Slime:5
Orc:1:    layout_diamond_mine, basic_altar
Orc:2:    grunt_orc_gardens, layout_diamond_mine, grunt_orc_garden,
          grunt_orc_garden, grunt_orc_garden, grunt_orc_garden,
          guppyfry_orc_lava_fort

Skill      XL: |  1  2  3  4  5  6  7  8  9 10 11 12 13 14 15 |
---------------+----------------------------------------------+-----
Stealth        | 2 |  2.0
Fighting       | 1 2 3 4 5 7 9 10 12 14 16 17 | 17.3
Spellcasting   | 3 4 5 6 7 8 10 11 12 13 | 13.9
Long Blades    | 2 7 |  7.5
Dodging        | |  2.5

Action                   |  1- 3 |  4- 6 |  7- 9 | 10-12 | 13-15 || total
-------------------------+-------+-------+-------+-------+-------++-------
Melee: Unarmed           |       |       |     5 |     1 |       ||     6
       Scimitar          |       |       |       |    13 |   125 ||   138
       Punch             |       |       |       |       |     2 ||     2
 Cast: Foxfire           |    53 |    45 |    74 |   216 |   200 ||   588
       Scorch            |     3 |    29 |    23 |    76 |    96 ||   227
       Inner Flame       |       |    17 |    50 |    78 |   175 ||   320
       Call Imp          |       |     2 |       |     5 |    41 ||    48
       Freeze            |       |     1 |       |       |     3 ||     4
       Conjure Flame     |       |       |     5 |     6 |       ||    11
       Flame Wave        |       |       |     3 |    21 |    16 ||    40
       Tukima's Dance    |       |       |     2 |     6 |       ||     8
       Yara's Violent Un |       |       |       |       |    15 ||    15
       Summon Forest     |       |       |       |       |    19 ||    19
       Summon Cactus Gia |       |       |       |       |     4 ||     4
       Wereblood         |       |       |       |       |     1 ||     1
  Use: Scroll            |       |       |     6 |     6 |     5 ||    17
       Potion            |       |       |     4 |     5 |     2 ||    11
 Stab: Distracted        |       |       |       |       |     2 ||     2
Armor: Robe              |     3 |     7 |     4 |    50 |    56 ||   120
       Skin              |       |       |    16 |    11 |       ||    27
       Troll leather arm |       |       |       |       |    78 ||    78
Dodge: Dodged            |     4 |    13 |    12 |    94 |   157 ||   280

Table legend: (Time is in decaauts)
 A = Elapsed time spent in this place.
 B = Non-inter-level travel time spent in this place.
 C = Inter-level travel time spent in this place.
 D = Time resting spent in this place.
 E = Time spent auto-exploring this place.
 F = Levels seen in this place.
 G = Mean time per level.
                   A        B        C        D        E       F      G
               +--------+--------+--------+--------+--------+-----+--------+
         Total |  21332 |  20375 |    957 |   2208 |  11327 |  27 |  790.1 |
       Dungeon |  13023 |  12439 |    584 |   1799 |   7585 |  12 | 1085.2 |
        Temple |     90 |     68 |     22 |      0 |     43 |   1 |   90.0 |
          Lair |   6815 |   6486 |    329 |    409 |   3283 |   6 | 1135.8 |
    Slime Pits |    413 |    413 |      0 |      0 |     86 |   5 |   82.6 |
  Orcish Mines |    730 |    708 |     22 |      0 |    330 |   2 |  365.0 |
       Volcano |    258 |    258 |      0 |      0 |      0 |   1 |  258.0 |
               +--------+--------+--------+--------+--------+-----+--------+

Top non-repeatable levels by time:
  Lair:2: 1900 daAuts
     D:2: 1503 daAuts
     D:1: 1475 daAuts
     D:8: 1373 daAuts
  Lair:6: 1328 daAuts
     D:4: 1286 daAuts
     D:9: 1257 daAuts
     D:3: 1202 daAuts
    D:11: 1166 daAuts
  Lair:5: 1073 daAuts
     D:5: 1065 daAuts
  Lair:3: 863 daAuts
  Lair:4: 844 daAuts
  Lair:1: 805 daAuts
     D:7: 745 daAuts
